 Dungeon Sprint DCSS version 0.31-a0-37-g98a128e1d9 (webtiles) character file.

Game seed: 16440534863328475557

706 sircluck the Grappler (level 7, -1/72 (79) HPs)
             Began as a Troll Berserker on May 15, 2023.
             Was a Priest of Trog.
             Slain by a soul eater (6 damage)
             ... summoned by a kobold demonologist
             ... in the Dungeon (Sprint I: "Red Sonja").
             The game lasted 00:01:13 (277 turns).

sircluck the Grappler (Troll Berserker)              Turns: 277, Time: 00:01:15

HP:   -1/72 (79)    AC:  6    Str: 28    XL:     7   Next: 39%
MP:   6/6           EV: 11    Int:  3    God:    Trog [***...]
Gold: 417           SH:  0    Dex:  9    Spells: 6/6 levels left

rFire   . .          .
                       - Unarmed
rCold   . . .        (no shield)
rNeg    . . .        k - +2 robe {Will+}
rPois   .            (helmet restricted)
rElec   .            (no cloak)
rCorr   .            (gloves unavailable)
SInv    .            (boots unavailable)
Will    +....        (no amulet)
Stlth   +            (no ring)
HPRegen 1.12/turn    (no ring)
MPRegen 0.10/turn

%: no teleportation
@: drained
A: large, unfitting armour, claws 3, regeneration 1, shaggy fur 1, tough skin 1
a: Renounce Religion, Berserk, Trog's Hand


You were in the Dungeon.
You worshipped Trog.
Trog was most pleased with you.
You visited 1 branch You collected 417 gold pieces.

Inventory:

Missiles
 m - 3 stones (quivered)
Armour
 a - a +0 animal skin
 k - a +2 robe of willpower (worn)
Wands
 h - a wand of quicksilver (4)
Scrolls
 g - a scroll of blinking
Potions
 b - a potion of curing
 c - a potion of heal wounds
 d - a potion of haste
 e - 2 potions of magic
 f - a potion of berserk rage
 i - a potion of ambrosia {unknown}
 j - a potion of lignification {unknown}
 l - a potion of degeneration {unknown}


   Skills:
 + Level 7.9 Fighting
 + Level 7.8 Dodging
 + Level 1.4 Stealth
 + Level 10.5 Unarmed Combat


You had 6 spell levels left.
You didn't know any spells.
Your spell library was empty.

Dungeon Overview and Level Annotations

Branches:
Dungeon (1/1)

Altars:
Cheibriados
Dithmenos
Elyvilon
Fedhas
Gozag
Hepliaklqana
Kikubaaqudgha
Makhleb
Nemelex Xobeh
Okawaru
Qazlal
Ru
Sif Muna
Trog
Uskayaw
Vehumet
Wu Jian
Xom
Yredelemnul
Zin
The Shining One
Jiyva
Lugonu

Shops:
D [


Innate Abilities, Weirdness & Mutations

You are too large for most types of armour.
You have claws for hands.
Your natural rate of healing is unusually fast.
You are covered in fur. (AC +1)
You have tough skin. (AC +1)


Message History

The kobold demonologist shouts!
The floating eye turns its gaze towards you.
A kobold demonologist comes into view. It is wielding a +0 dagger.
Unknown command.
You close the door.
You open the door. You mangle the floating eye!!
You kill the floating eye!
Trog accepts your kill.
You scratch the kobold demonologist but do no damage.
The kobold demonologist casts a spell.
The kobold demonologist hits you but does no damage.
You scratch the kobold demonologist but do no damage.
The soul eater hits you!!
You feel drained.
The kobold demonologist hits you with a +0 dagger.
The kobold demonologist hits you but does no damage.
There is an open door, spattered with blood here.
The soul eater draws from the surrounding life force!
The kobold demonologist casts a spell. x2
You mangle the kobold demonologist!!
The kobold demonologist is heavily wounded.
The kobold demonologist gestures wildly while chanting.
The kobold demonologist barely misses you.
You closely miss the kobold demonologist.
The kobold demonologist is heavily wounded.
The hellwing hits you. x2; The soul eater hits you!
You feel drained.
The kobold demonologist hits you with a +0 dagger.
You claw the kobold demonologist!
The kobold demonologist is almost dead.
The hellwing hits you but does no damage.
The hellwing barely misses you. The soul eater hits you!
* * * LOW HITPOINT WARNING * * *
You barely miss the kobold demonologist.
The kobold demonologist is almost dead.
The kobold demonologist gestures wildly while chanting.
The red devil closely misses you. The hellwing barely misses you. x2
The soul eater hits you!
* * * LOW HITPOINT WARNING * * *
You feel drained.
You die...

######################
.))..#..'..#__#4@3K3.#
..#..').#..'..55K#4..#
####'#####'#__####...+
###..#...#.####§§#####
__####..##.#~~§§c#
_____##'#_.+~~~§§+
_.∩...†..._#~~§§c#
_..__##_.#'##+####
_____###+#.#


You could see a soul eater (summoned), a hellwing (summoned), 2 kobold
demonologists, a ynoxinul (summoned), a red devil (summoned), an iron imp
(summoned) and an ufetubus (summoned).

Vanquished Creatures
  A slime creature (D)
  Sigmund (D)
  A yak (D)
  A floating eye (D)
  An ogre (D)
  A jelly (D)
  Ijyb (D)
7 creatures vanquished.

Notes
Turn   | Place    | Note
-------+----------+-------------------------------------------
     0 | D        | sircluck the Troll Berserker began the quest for the Orb.
     0 | D        | Reached XP level 1. HP: 22/22 MP: 0/0
     1 | D        | Noticed Ijyb
     6 | D        | Killed Ijyb
     7 | D        | Reached skill level 4 in Unarmed Combat
     7 | D        | Reached XP level 2. HP: 21/31 MP: 1/1
    19 | D        | Noticed an ogre
    23 | D        | Killed an ogre
    24 | D        | Reached skill level 5 in Fighting
    24 | D        | Reached skill level 5 in Dodging
    24 | D        | Reached skill level 6 in Unarmed Combat
    24 | D        | Reached XP level 3. HP: 42/42 MP: 2/2
    24 | D        | Reached XP level 4. HP: 50/50 MP: 3/3
    76 | D        | Noticed Sigmund
    93 | D        | Killed Sigmund
    93 | D        | Reached ** piety under Trog
    94 | D        | Reached skill level 8 in Unarmed Combat
    94 | D        | Reached XP level 5. HP: 49/61 MP: 4/4
    94 | D        | Reached XP level 6. HP: 55/68 MP: 5/5
   120 | D        | Found an ornate altar of the Wu Jian Council.
   120 | D        | Found a shimmering blue altar of Sif Muna.
   144 | D        | Found a radiant altar of Vehumet.
   164 | D        | Noticed a centaur warrior
   182 | D        | Found Zeick's Antique Armour Emporium.
   182 | D        | Found an ancient bone altar of Kikubaaqudgha.
   182 | D        | Found a hazy altar of Hepliaklqana.
   182 | D        | Found a hide-covered altar of Uskayaw.
   182 | D        | Found a basalt altar of Yredelemnul.
   182 | D        | Found an opulent altar of Gozag.
   182 | D        | Found a snail-covered altar of Cheibriados.
   182 | D        | Found a sacrificial altar of Ru.
   182 | D        | Found a shadowy altar of Dithmenos.
   182 | D        | Noticed a yak
   196 | D        | Killed a yak
   197 | D        | Reached skill level 9 in Unarmed Combat
   197 | D        | Found a stormy altar of Qazlal.
   197 | D        | Found a blossoming altar of Fedhas.
   197 | D        | Found a bloodstained altar of Trog.
   197 | D        | Found an iron altar of Okawaru.
   197 | D        | Found a glowing golden altar of the Shining One.
   197 | D        | Found a glowing silver altar of Zin.
   197 | D        | Found a white marble altar of Elyvilon.
   200 | D        | Noticed a centaur warrior
   224 | D        | Found a burning altar of Makhleb.
   224 | D        | Found a viscous altar of Jiyva.
   224 | D        | Found a shimmering altar of Xom.
   224 | D        | Found a corrupted altar of Lugonu.
   224 | D        | Noticed a slime creature
   230 | D        | Killed a slime creature
   230 | D        | Reached *** piety under Trog
   231 | D        | Reached skill level 1 in Stealth
   231 | D        | Reached skill level 10 in Unarmed Combat
   231 | D        | Reached XP level 7. HP: 46/79 MP: 6/6
   238 | D        | Found a sparkling altar of Nemelex Xobeh.
   266 | D        | Noticed a kobold demonologist
   266 | D        | Noticed a kobold demonologist
   271 | D        | Noticed a soul eater
   274 | D        | Noticed a hellwing
   274 | D        | Noticed a ynoxinul
   275 | D        | Noticed a red devil
   277 | D        | Slain by a soul eater

Illustrated notes

Levels and vault maps discovered:
D:        dungeon_sprint_1 [red_sonja_temple_1, red_sonja_temple_small_1]

Skill      XL: |  1  2  3  4  5  6 |
---------------+-------------------+-----
Fighting       | 3 5 6 7 |  7.9
Dodging        | 3 5 6 7 |  7.8
Unarmed Combat | 4 6 8 10 | 10.5
Stealth        | 1 |  1.4

Action                     |  1- 3 |  4- 6 |  7- 9 || total
---------------------------+-------+-------+-------++-------
  Melee: Unarmed           |     6 |    31 |     7 ||    44
         Punch             |       |     1 |       ||     1
 Invoke: Berserk           |     1 |       |       ||     1
   Stab: Sleeping          |       |     1 |       ||     1
 Armour: Animal skin       |       |     1 |       ||     1
         Robe              |       |     1 |     3 ||     4
  Dodge: Dodged            |     2 |    11 |     5 ||    18

Table legend: (Time is in decaauts)
 A = Elapsed time spent in this place.
 B = Non-inter-level travel time spent in this place.
 C = Inter-level travel time spent in this place.
 D = Time resting spent in this place.
 E = Time spent auto-exploring this place.
 F = Levels seen in this place.
 G = Mean time per level.
                   A        B        C        D        E       F      G
               +--------+--------+--------+--------+--------+-----+--------+
         Total |    281 |    257 |     24 |     52 |     79 |   1 |  281.0 |
       Dungeon |    281 |    257 |     24 |     52 |     79 |   1 |  281.0 |
               +--------+--------+--------+--------+--------+-----+--------+

Top non-repeatable levels by time:
       D: 281 daAuts
